 Dungeon Crawl Stone Soup version 0.29.1-1-gd02db6906a (webtiles) character file.

Game seed: 6528169770383020112

371 EvilAshe the Stinger (level 6, 0/41 HPs)
             Began as a Merfolk Venom Mage on Sept 22, 2022.
             Slain by an orc wizard
             ... wielding a +0 dagger
              (1 damage)
             ... on level 5 of the Dungeon.
             The game lasted 00:17:44 (6712 turns).

EvilAshe the Stinger (Merfolk Venom Mage)           Turns: 6712, Time: 00:17:45

Health: 0/41       AC:  3    Str:  8    XL:     6   Next: 71%
Magic:  6/11       EV: 13    Int: 16    God:
Gold:   214        SH:  5    Dex: 21    Spells: 5/12 levels left

rFire   . . .      SeeInvis .   z - +0 trident
rCold   + . .      Faith    .   (no shield)
rNeg    . . .      Spirit   .   k - +0 leather armour
rPois   .          Reflect  +   (no helmet)
rElec   .          Harm     .   (no cloak)
rCorr   .          Rampage  .   (no gloves)
Will    .....                   (no boots)
Stlth   ++........              s - amulet of reflection
HPRegen 0.13/turn               g - +6 ring of dexterity
MPRegen 0.12/turn               y - ring of protection from cold

@: brilliant
A: (nimble swimmer 2), mertail
a: no special abilities


You were on level 5 of the Dungeon.
You visited 1 branch of the dungeon, and saw 6 of its levels.

You collected 214 gold pieces.

Inventory:

Hand Weapons
 z - a +0 trident (weapon)
Missiles
 l - 7 atropa-tipped darts
 o - 2 boomerangs (quivered)
Armour
 a - a +0 robe
 k - a +0 leather armour (worn)
Jewellery
 g - a +6 ring of dexterity (left hand)
 s - an amulet of reflection (around neck)
 y - a ring of protection from cold (right hand)
Wands
 r - a wand of charming (11)
 t - a wand of mindburst (20)
 v - a wand of flame (19)
Scrolls
 c - a scroll of fear {unknown}
 e - a scroll of brand weapon {unknown}
 h - a scroll of teleportation
 m - 2 scrolls of enchant armour {unknown}
 n - 2 scrolls of identify
 q - a scroll of fog {unknown}
 u - a scroll of poison {unknown}
 w - a scroll of immolation {unknown}
 x - a scroll of magic mapping {unknown}
 A - a scroll of noise {unknown}
 B - a scroll of torment {unknown}
Potions
 d - a potion of brilliance
 f - 2 potions of heal wounds
 i - 4 potions of curing
 j - a potion of might
 p - a potion of attraction


   Skills:
 + Level 3.1 Dodging
 - Level 2.4 Stealth
 + Level 3.5 Spellcasting
 - Level 4.2 Transmutations
 * Level 6.0 Poison Magic


You had 5 spell levels left.
You knew the following spells:

 Your Spells              Type           Power      Damage    Failure   Level
a - Sting                 Tmut/Pois      100%       1d8       3%          1
b - Poisonous Vapours     Pois/Air       36%        N/A       12%         2
c - Olgreb's Toxic Radia  Pois           33%        N/A       22%         4

Your spell library contained the following spells:

 Spells                   Type           Power      Damage    Failure   Level
 Mephitic Cloud           Conj/Pois/Air  13%        N/A       34%         3


Dungeon Overview and Level Annotations

Branches:
Dungeon (6/15)
 Temple: D:4-7

Altars:

Annotations:
D:4 exclusion: door


Innate Abilities, Weirdness & Mutations

((You are very nimble when in or above water. (Stealth+, EV+, Speed+++)))
Your lower body shifts to a powerful aquatic tail in water.


Message History

You feel clever all of a sudden.
Casting: Poisonous Vapours (safe; 12% risk of failure)
Confirm with . or Enter, or press ? or * to list all spells.
Aiming: Poisonous Vapours (safe; 12% risk of failure)
Press: ? - help, Dir - move target, f - orc priest
Aim: an orc priest, wielding a +0 mace You feel a surge of power!
Poisonous vapours surround the orc priest!
The orc priest is poisoned.
Something hits you.
Casting: Poisonous Vapours (safe; 12% risk of failure)
Confirm with . or Enter, or press ? or * to list all spells.
Aiming: Poisonous Vapours (safe; 12% risk of failure)
Press: ? - help, Dir - move target, f/p - orc priest
Aim: an orc priest, wielding a +0 mace (poisoned)
You feel a surge of power!
Poisonous vapours surround the orc priest!
The orc priest looks even sicker.
The orc priest hits you with a +0 mace. Something hits you but does no damage.
Casting: Poisonous Vapours (safe; 12% risk of failure)
Confirm with . or Enter, or press ? or * to list all spells.
Aiming: Sting (safe; 3% risk of failure)
Press: ? - help, Shift-Dir - straight line, f/p - orc priest
Aim: an orc priest, wielding a +0 mace (very poisoned, 78% to hit)
You feel a surge of power!
The sting hits the orc priest.
The orc priest looks as sick as possible!
The orc priest is moderately wounded.
You block the orc priest's attack. Something hits you.
Casting: Sting (safe; 3% risk of failure)
Confirm with . or Enter, or press ? or * to list all spells.
Aiming: Sting (safe; 3% risk of failure)
Press: ? - help, Shift-Dir - straight line, f/p - orc priest
Aim: an orc priest, wielding a +0 mace (moderately wounded, extremely poisoned, 78% to hit)
You feel a surge of power!
The sting hits the orc priest.
The orc priest looks as sick as possible!
The orc priest is heavily wounded.
The orc priest mumbles some strange prayers to Beogh against you.
Pain shoots through your body!
* * * LOW HITPOINT WARNING * * *
Something hits you.
You die...

#.# ..#...#.#
#.#########.#
#.#.. #.# ..#.##
#.# #.... #.#
##... #.#.# #.#
.o..##
#.#.#######†#
....#
#####.#.........#
...#
#@......#########
..#####o......#
#.#.†.).......#
####.#o###.......#
#......# #########
#......# #.......#
#...#.#.#
#?..#.#.#


You could see an orc priest (extremely poisoned).

Vanquished Creatures
  A scorpion (D:4)
  A centaur zombie (D:4)
  2 hounds (D:5)
  2 iguanas
  An orc wizard (D:4)
  7 adders
  An adder zombie (D:4)
  A worm (D:1)
  3 dart slugs
  10 orcs
  3 bats
  6 endoplasms
  2 giant cockroaches (D:1)
  3 goblins
  4 hobgoblins
  2 jackals
  4 quokkas
  5 ball pythons (D:1)
  A frilled lizard (D:1)
  6 kobolds
  4 rats (D:1)
69 creatures vanquished.

Vanquished Creatures (others)
  2 fungi (D:2)
  5 plants (D:2)
7 creatures vanquished.

Grand Total: 76 creatures vanquished

Notes
Turn   | Place    | Note
-------+----------+-------------------------------------------
     0 | D:1      | EvilAshe the Merfolk Venom Mage began the quest for the
                  | Orb.
     0 | D:1      | Reached XP level 1. HP: 13/13 MP: 3/3
   446 | D:1      | Reached XP level 2. HP: 19/19 MP: 1/5
   514 | D:1      | Learned a level 2 spell: Poisonous Vapours
  1470 | D:2      | Reached XP level 3. HP: 18/24 MP: 0/6
  1970 | D:2      | Reached skill level 4 in Poison Magic
  1970 | D:2      | Reached XP level 4. HP: 30/30 MP: 1/7
  2048 | D:2      | Found a faded altar of an unknown god.
  2823 | D:1      | Reached XP level 5. HP: 34/35 MP: 7/9
  3294 | D:3      | Learned a level 4 spell: Olgreb's Toxic Radiance
  3747 | D:3      | Reached skill level 5 in Poison Magic
  4666 | D:5      | Entered Level 5 of the Dungeon
  4752 | D:4      | Reached XP level 6. HP: 41/41 MP: 4/10
  6126 | D:4      | Identified the +6 falchion "Mikom" {elec, MP+9}
  6505 | D:5      | Noticed a black bear
  6656 | D:5      | Reached skill level 6 in Poison Magic
  6712 | D:5      | HP: 1/41 [orc priest/nerve-wracking pain (13)]
  6712 | D:5      | Slain by an orc wizard

Illustrated notes

Levels and vault maps discovered:
D:1:      dpeg_arrival_rooms_a, layout_basic, serial_rivers,
          chequers_serial_rivers_small_b, chequers_serial_rivers_micro_e,
          chequers_serial_rivers_micro_e, chequers_serial_rivers_micro_e
D:2:      layout_loops_ring, dreamdust_ecumenical_altar_grove
D:3:      layout_basic
D:4:      layout_basic, lemuel_mausoleum_altar_kikubaaqudgha
D:5:      layout_basic, roderic_serpentine_path, minmay_misc_feat_cross,
          uniq_grinder
D:6:      layout_loops_ring, grunt_temple_overflow_opulence,
          minmay_temple_entry_statues_fountains, serial_shops,
          nicolae_shop_hallway_plus, nicolae_specific_store

Skill      XL: |  1  2  3  4  5  6 |
---------------+-------------------+-----
Transmutations | 2 3 4 |  4.2
Poison Magic   | 4 5 6 |  6.0
Spellcasting   | 3 |  3.5
Dodging        | 3 |  3.1
Stealth        | |  2.4

Action                   |  1- 3 |  4- 6 || total
-------------------------+-------+-------++-------
Melee: Unarmed           |    21 |       ||    21
       Mace              |       |    28 ||    28
       Spear             |       |     6 ||     6
       Trident           |       |    29 ||    29
 Cast: Sting             |    43 |    50 ||    93
       Poisonous Vapours |     3 |    49 ||    52
  Use: Scroll            |       |     6 ||     6
       Potion            |       |     2 ||     2
 Stab: Sleeping          |       |     5 ||     5
Armor: Robe              |     6 |       ||     6
       Leather armour    |     2 |    17 ||    19
Dodge: Dodged            |    37 |    44 ||    81
Block: Other             |       |    13 ||    13
